 Dungeon Crawl Stone Soup version 0.23.2-1-ga50397a6bc (webtiles) character file.

Game seed: 4372032412097808826

259 Mrkan the Ruffian (level 5, 0/54 HPs)
             Began as a Troll Monk on May 18, 2019.
             Slain by an orc
             ... wielding a +2 whip of venom
              (2 damage)
             ... on level 4 of the Dungeon.
             The game lasted 00:03:58 (2075 turns).

Mrkan the Ruffian (Troll Monk)                      Turns: 2075, Time: 00:03:59

Health: 0/54       AC:  6    Str: 20    XL:     5   Next: 94%
Magic:  4/4        EV: 10    Int:  6    God:
Gold:   126        SH:  0    Dex: 12    Spells: 4/4 levels left

rFire    . . .     SeeInvis .     - Unarmed
rCold    . . .     Gourm    +   (no shield)
rNeg     . . .     Faith    .   a - +0 robe
rPois    .         Spirit   .   (helmet restricted)
rElec    .         Reflect  .   (no cloak)
rCorr    .         Harm     .   (gloves unavailable)
MR       .....                  (boots unavailable)
Stlth    ++........             (no amulet)
HPRegen  0.58/turn              (no ring)
MPRegen  0.09/turn              (no ring)

@: lethally poisoned (0 -> -5)
A: large, unfitting armour, claws 3, fast metabolism 3, gourmand, regeneration
1, shaggy fur 1, tough skin 3
a: no special abilities


You were on level 4 of the Dungeon.
You were very hungry.

You visited 1 branch of the dungeon, and saw 4 of its levels.

You collected 126 gold pieces.

Inventory:

Armour
 a - a +0 robe (worn)
Scrolls
 c - 2 scrolls of noise {unknown}
 e - 2 scrolls of remove curse {unknown}
 f - a scroll of immolation {unknown}
 g - 3 scrolls of identify {unknown}
 h - 3 scrolls of fog {unknown}
 j - a scroll of blinking {unknown}
 k - a scroll of fear {unknown}
 n - a scroll of enchant armour {unknown}
Potions
 d - a potion of curing {unknown}
 i - a potion of invisibility {unknown}
 l - a potion of resistance {unknown}
 m - a potion of mutation {unknown}
Comestibles
 b - 13 rations


   Skills:
 + Level 3.7 Fighting
 - Level 2.4 Dodging
 - Level 1.0 Stealth
 * Level 5.7 Unarmed Combat


You had 4 spell levels left.
You didn't know any spells.
Your spell library was empty.

Dungeon Overview and Level Annotations

Branches:
Dungeon (4/15)
 Temple: D:4-7

Altars:
Gozag
Kikubaaqudgha


Innate Abilities, Weirdness & Mutations

You are too large for most types of armour.
You have claws for hands.
Your metabolism is lightning-fast.
You like to eat raw meat.
Your natural rate of healing is unusually fast.
You are covered in fur. (AC +1)
You have extremely tough skin. (AC +3)


Message History

You feel sick. The hound bites you but does no damage.
Items here: )) [ † a +0 club; a +0 dagger; a +0 robe; an orc corpse You claw the hound!
The hound is almost dead.
You feel sick. The hound bites you.
* * * LOW HITPOINT WARNING * * *
The orc barely misses you. The hound bites you but does no damage.
You barely miss the hound.
The hound is almost dead.
* * * LOW HITPOINT WARNING * * *
You feel sick. The orc hits you with a +0 flail.
* * * LOW HITPOINT WARNING * * *
The orc closely misses you. The hound bites you but does no damage.
You scratch the hound.
You kill the hound!
* * * LOW HITPOINT WARNING * * *
You feel sick.
The orc hits you with a +2 whip of venom.
You die...

####### ####### ####
#.....###.....## ....
#..##.##.......## .....
8..8#...........# .....
..>..##.........# ......
.)...##.........##......
8..8###.........@†....:.
#..##...........oo......
.###..#.........##......
.#...##.........# ......
......#.........# #####
......#...<.....#
................#
...............##
..............##


You could see 2 orcs.

Vanquished Creatures
  A hound (D:4)
  A gnoll shaman (D:4)
  2 orc wizards
  4 adders
  An ooze (D:1)
  An adder zombie (D:2)
  3 worms
  A leopard gecko (D:1)
  6 orcs
  2 ball pythons
  8 bats
  2 giant cockroaches
  18 goblins
  13 hobgoblins
  3 jackals (D:1)
  4 frilled lizards
  6 kobolds
  6 rats
82 creatures vanquished.

Vanquished Creatures (others)
  A human (D:3)
1 creature vanquished.

Grand Total: 83 creatures vanquished

Notes
Turn   | Place    | Note
-------+----------+-------------------------------------------
     0 | D:1      | Mrkan the Troll Monk began the quest for the Orb.
     0 | D:1      | Reached XP level 1. HP: 22/22 MP: 0/0
    85 | D:1      | Reached XP level 2. HP: 23/29 MP: 1/1
   556 | D:1      | Reached XP level 3. HP: 36/36 MP: 2/2
   755 | D:2      | Reached skill level 4 in Unarmed Combat
   756 | D:2      | Reached XP level 4. HP: 40/45 MP: 3/3
  1002 | D:2      | Found a faded altar of an unknown god.
  1421 | D:3      | Reached skill level 5 in Unarmed Combat
  1479 | D:3      | Reached XP level 5. HP: 53/53 MP: 4/4
  1772 | D:3      | Found an opulent altar of Gozag.
  1805 | D:3      | Found an ancient bone altar of Kikubaaqudgha.
  1809 | D:3      | Noticed a human
  1810 | D:3      | Killed a human
  2075 | D:4      | HP: 2/54 [poisoned by an orc]
  2075 | D:4      | Slain by an orc

Skill      XL: |  1  2  3  4 |
---------------+-------------+-----
Unarmed Combat | 4 5 |  5.7
Fighting       | 3 |  3.7
Dodging        | |  2.4
Stealth        | |  1.0

Action                   |  1- 3 |  4- 6 || total
-------------------------+-------+-------++-------
Melee: Unarmed           |    63 |   144 ||   207
       Punch             |       |     3 ||     3
 Stab: Sleeping          |       |     3 ||     3
  Eat: Chunk             |     4 |    11 ||    15
Armor: Robe              |    24 |    56 ||    80
Dodge: Dodged            |    19 |    80 ||    99
